%YAML 1.1
%TAG !u! tag:unity3d.com,2011:
--- !u!1001 &100100000
Prefab:
  m_ObjectHideFlags: 1
  serializedVersion: 2
  m_Modification:
    m_TransformParent: {fileID: 0}
    m_Modifications: []
    m_RemovedComponents: []
  m_ParentPrefab: {fileID: 0}
  m_RootGameObject: {fileID: 1955298746936316}
  m_IsPrefabParent: 1
--- !u!1 &1008418300042728
GameObject:
  m_ObjectHideFlags: 0
  m_PrefabParentObject: {fileID: 0}
  m_PrefabInternal: {fileID: 100100000}
  serializedVersion: 5
  m_Component:
  - component: {fileID: 224238516969681330}
  - component: {fileID: 222415264986026914}
  - component: {fileID: 114655111234306592}
  m_Layer: 0
  m_Name: LoadingPanelElement
  m_TagString: Untagged
  m_Icon: {fileID: 0}
  m_NavMeshLayer: 0
  m_StaticEditorFlags: 0
  m_IsActive: 1
--- !u!1 &1955298746936316
GameObject:
  m_ObjectHideFlags: 0
  m_PrefabParentObject: {fileID: 0}
  m_PrefabInternal: {fileID: 100100000}
  serializedVersion: 5
  m_Component:
  - component: {fileID: 224003437675773742}
  - component: {fileID: 223023489756175270}
  - component: {fileID: 114105617466051962}
  - component: {fileID: 225709740962118334}
  - component: {fileID: 114428441986184120}
  m_Layer: 0
  m_Name: UIE - Loading
  m_TagString: Untagged
  m_Icon: {fileID: 0}
  m_NavMeshLayer: 0
  m_StaticEditorFlags: 0
  m_IsActive: 1
--- !u!114 &114105617466051962
MonoBehaviour:
  m_ObjectHideFlags: 1
  m_PrefabParentObject: {fileID: 0}
  m_PrefabInternal: {fileID: 100100000}
  m_GameObject: {fileID: 1955298746936316}
  m_Enabled: 1
  m_EditorHideFlags: 0
  m_Script: {fileID: 1301386320, guid: f70555f144d8491a825f0804e09c671c, type: 3}
  m_Name: 
  m_EditorClassIdentifier: 
  m_IgnoreReversedGraphics: 1
  m_BlockingObjects: 0
  m_BlockingMask:
    serializedVersion: 2
    m_Bits: 4294967295
--- !u!114 &114428441986184120
MonoBehaviour:
  m_ObjectHideFlags: 1
  m_PrefabParentObject: {fileID: 0}
  m_PrefabInternal: {fileID: 100100000}
  m_GameObject: {fileID: 1955298746936316}
  m_Enabled: 1
  m_EditorHideFlags: 0
  m_Script: {fileID: 11500000, guid: abb5c4702c7d6e344b9832a97ae1264d, type: 3}
  m_Name: 
  m_EditorClassIdentifier: 
  elementCategory: MainMenu
  elementName: Loading
  LANDSCAPE: 1
  PORTRAIT: 1
  startHidden: 1
  animateAtStart: 0
  disableWhenHidden: 1
  dontDisableCanvasWhenHidden: 0
  disableGraphicRaycaster: 0
  autoHide: 0
  autoHideDelay: 3
  useCustomStartAnchoredPosition: 1
  customStartAnchoredPosition: {x: 0, y: 0, z: 0}
  executeLayoutFix: 0
  deselectAnySelectedButtonOnShow: 0
  deselectAnySelectedButtonOnHide: 0
  enableAutoSelectButtonAfterShow: 0
  selectedButton: {fileID: 0}
  linkedToNotification: 0
  autoRegister: 1
  isVisible: 1
  inAnimations:
    animationType: 0
    move:
      enabled: 0
      animationType: 0
      moveDirection: 11
      customPosition: {x: 0, y: 0, z: 0}
      easeType: 0
      ease: 26
      animationCurve:
        serializedVersion: 2
        m_Curve: []
        m_PreInfinity: 2
        m_PostInfinity: 2
        m_RotationOrder: 4
      startDelay: 0
      duration: 0.5
    rotate:
      enabled: 0
      animationType: 0
      rotation: {x: 0, y: 0, z: -90}
      rotateMode: 1
      easeType: 0
      ease: 23
      animationCurve:
        serializedVersion: 2
        m_Curve: []
        m_PreInfinity: 2
        m_PostInfinity: 2
        m_RotationOrder: 4
      startDelay: 0
      duration: 0.4
    scale:
      enabled: 0
      animationType: 0
      scale: {x: 0, y: 0, z: 0}
      easeType: 0
      ease: 26
      animationCurve:
        serializedVersion: 2
        m_Curve: []
        m_PreInfinity: 2
        m_PostInfinity: 2
        m_RotationOrder: 4
      startDelay: 0
      duration: 0.4
    fade:
      enabled: 1
      animationType: 0
      alpha: 1
      easeType: 0
      ease: 1
      animationCurve:
        serializedVersion: 2
        m_Curve: []
        m_PreInfinity: 2
        m_PostInfinity: 2
        m_RotationOrder: 4
      startDelay: 0
      duration: 0.4
    moveIsExpanded:
      m_Target: 0
      speed: 2
      m_Value: 0
    rotateIsExpanded:
      m_Target: 0
      speed: 2
      m_Value: 0
    scaleIsExpanded:
      m_Target: 0
      speed: 2
      m_Value: 0
    fadeIsExpanded:
      m_Target: 1
      speed: 2
      m_Value: 1
  OnInAnimationsStart:
    m_PersistentCalls:
      m_Calls: []
    m_TypeName: UnityEngine.Events.UnityEvent, UnityEngine.CoreModule, Version=0.0.0.0,
      Culture=neutral, PublicKeyToken=null
  OnInAnimationsFinish:
    m_PersistentCalls:
      m_Calls:
      - m_Target: {fileID: 0}
        m_MethodName: LoadLevel
        m_Mode: 1
        m_Arguments:
          m_ObjectArgument: {fileID: 0}
          m_ObjectArgumentAssemblyTypeName: UnityEngine.Object, UnityEngine
          m_IntArgument: 0
          m_FloatArgument: 0
          m_StringArgument: CarrapatoScene
          m_BoolArgument: 0
        m_CallState: 2
    m_TypeName: UnityEngine.Events.UnityEvent, UnityEngine.CoreModule, Version=0.0.0.0,
      Culture=neutral, PublicKeyToken=null
  inAnimationsPresetCategoryName: Fade
  inAnimationsPresetName: InNormal
  loadInAnimationsPresetAtRuntime: 0
  inAnimationsSoundAtStart: ~No Sound~
  customInAnimationsSoundAtStart: 0
  inAnimationsSoundAtFinish: ~No Sound~
  customInAnimationsSoundAtFinish: 0
  outAnimations:
    animationType: 1
    move:
      enabled: 0
      animationType: 1
      moveDirection: 11
      customPosition: {x: 0, y: 0, z: 0}
      easeType: 0
      ease: 26
      animationCurve:
        serializedVersion: 2
        m_Curve: []
        m_PreInfinity: 2
        m_PostInfinity: 2
        m_RotationOrder: 4
      startDelay: 0
      duration: 0.5
    rotate:
      enabled: 0
      animationType: 1
      rotation: {x: 0, y: 0, z: -90}
      rotateMode: 1
      easeType: 0
      ease: 23
      animationCurve:
        serializedVersion: 2
        m_Curve: []
        m_PreInfinity: 2
        m_PostInfinity: 2
        m_RotationOrder: 4
      startDelay: 0
      duration: 0.4
    scale:
      enabled: 0
      animationType: 1
      scale: {x: 0, y: 0, z: 0}
      easeType: 0
      ease: 26
      animationCurve:
        serializedVersion: 2
        m_Curve: []
        m_PreInfinity: 2
        m_PostInfinity: 2
        m_RotationOrder: 4
      startDelay: 0
      duration: 0.4
    fade:
      enabled: 1
      animationType: 1
      alpha: 1
      easeType: 0
      ease: 1
      animationCurve:
        serializedVersion: 2
        m_Curve: []
        m_PreInfinity: 2
        m_PostInfinity: 2
        m_RotationOrder: 4
      startDelay: 0
      duration: 0.4
    moveIsExpanded:
      m_Target: 0
      speed: 2
      m_Value: 0
    rotateIsExpanded:
      m_Target: 0
      speed: 2
      m_Value: 0
    scaleIsExpanded:
      m_Target: 0
      speed: 2
      m_Value: 0
    fadeIsExpanded:
      m_Target: 1
      speed: 2
      m_Value: 1
  OnOutAnimationsStart:
    m_PersistentCalls:
      m_Calls: []
    m_TypeName: UnityEngine.Events.UnityEvent, UnityEngine.CoreModule, Version=0.0.0.0,
      Culture=neutral, PublicKeyToken=null
  OnOutAnimationsFinish:
    m_PersistentCalls:
      m_Calls: []
    m_TypeName: UnityEngine.Events.UnityEvent, UnityEngine.CoreModule, Version=0.0.0.0,
      Culture=neutral, PublicKeyToken=null
  outAnimationsPresetCategoryName: Fade
  outAnimationsPresetName: OutNormal
  loadOutAnimationsPresetAtRuntime: 0
  outAnimationsSoundAtStart: ~No Sound~
  customOutAnimationsSoundAtStart: 0
  outAnimationsSoundAtFinish: ~No Sound~
  customOutAnimationsSoundAtFinish: 0
  loopAnimations:
    autoStart: 0
    move:
      enabled: 0
      movement: {x: 0, y: 0, z: 0}
      easeType: 0
      ease: 1
      animationCurve:
        serializedVersion: 2
        m_Curve: []
        m_PreInfinity: 2
        m_PostInfinity: 2
        m_RotationOrder: 4
      loops: -1
      loopType: 1
      startDelay: 0
      duration: 0.5
    rotate:
      enabled: 0
      rotation: {x: 0, y: 0, z: 0}
      easeType: 0
      ease: 1
      animationCurve:
        serializedVersion: 2
        m_Curve: []
        m_PreInfinity: 2
        m_PostInfinity: 2
        m_RotationOrder: 4
      loops: -1
      loopType: 1
      rotateMode: 0
      startDelay: 0
      duration: 0.5
    scale:
      enabled: 0
      min: {x: 1, y: 1, z: 1}
      max: {x: 1.05, y: 1.05, z: 1.05}
      easeType: 0
      ease: 1
      animationCurve:
        serializedVersion: 2
        m_Curve: []
        m_PreInfinity: 2
        m_PostInfinity: 2
        m_RotationOrder: 4
      loops: -1
      loopType: 1
      startDelay: 0
      duration: 0.5
    fade:
      enabled: 0
      min: 0
      max: 1
      easeType: 0
      ease: 1
      animationCurve:
        serializedVersion: 2
        m_Curve: []
        m_PreInfinity: 2
        m_PostInfinity: 2
        m_RotationOrder: 4
      loops: -1
      loopType: 1
      startDelay: 0
      duration: 0.5
    moveIsExpanded:
      m_Target: 0
      speed: 2
      m_Value: 0
    rotateIsExpanded:
      m_Target: 0
      speed: 2
      m_Value: 0
    scaleIsExpanded:
      m_Target: 0
      speed: 2
      m_Value: 0
    fadeIsExpanded:
      m_Target: 0
      speed: 2
      m_Value: 0
  loopAnimationsPresetCategoryName: Uncategorized
  loopAnimationsPresetName: DefaultPreset
  loadLoopAnimationsPresetAtRuntime: 0
--- !u!114 &114655111234306592
MonoBehaviour:
  m_ObjectHideFlags: 1
  m_PrefabParentObject: {fileID: 0}
  m_PrefabInternal: {fileID: 100100000}
  m_GameObject: {fileID: 1008418300042728}
  m_Enabled: 1
  m_EditorHideFlags: 0
  m_Script: {fileID: -765806418, guid: f70555f144d8491a825f0804e09c671c, type: 3}
  m_Name: 
  m_EditorClassIdentifier: 
  m_Material: {fileID: 0}
  m_Color: {r: 0, g: 0, b: 0, a: 1}
  m_RaycastTarget: 1
  m_OnCullStateChanged:
    m_PersistentCalls:
      m_Calls: []
    m_TypeName: UnityEngine.UI.MaskableGraphic+CullStateChangedEvent, UnityEngine.UI,
      Version=1.0.0.0, Culture=neutral, PublicKeyToken=null
  m_Sprite: {fileID: 0}
  m_Type: 1
  m_PreserveAspect: 0
  m_FillCenter: 1
  m_FillMethod: 4
  m_FillAmount: 1
  m_FillClockwise: 1
  m_FillOrigin: 0
--- !u!222 &222415264986026914
CanvasRenderer:
  m_ObjectHideFlags: 1
  m_PrefabParentObject: {fileID: 0}
  m_PrefabInternal: {fileID: 100100000}
  m_GameObject: {fileID: 1008418300042728}
--- !u!223 &223023489756175270
Canvas:
  m_ObjectHideFlags: 1
  m_PrefabParentObject: {fileID: 0}
  m_PrefabInternal: {fileID: 100100000}
  m_GameObject: {fileID: 1955298746936316}
  m_Enabled: 1
  serializedVersion: 3
  m_RenderMode: 2
  m_Camera: {fileID: 0}
  m_PlaneDistance: 100
  m_PixelPerfect: 0
  m_ReceivesEvents: 1
  m_OverrideSorting: 1
  m_OverridePixelPerfect: 0
  m_SortingBucketNormalizedSize: 0
  m_AdditionalShaderChannelsFlag: 25
  m_SortingLayerID: 0
  m_SortingOrder: 99
  m_TargetDisplay: 0
--- !u!224 &224003437675773742
RectTransform:
  m_ObjectHideFlags: 1
  m_PrefabParentObject: {fileID: 0}
  m_PrefabInternal: {fileID: 100100000}
  m_GameObject: {fileID: 1955298746936316}
  m_LocalRotation: {x: 0, y: 0, z: 0, w: 1}
  m_LocalPosition: {x: 0, y: 0, z: 0}
  m_LocalScale: {x: 1, y: 1, z: 1}
  m_Children:
  - {fileID: 224238516969681330}
  m_Father: {fileID: 0}
  m_RootOrder: 0
  m_LocalEulerAnglesHint: {x: 0, y: 0, z: 0}
  m_AnchorMin: {x: 0, y: 0}
  m_AnchorMax: {x: 1, y: 1}
  m_AnchoredPosition: {x: 452, y: 643}
  m_SizeDelta: {x: 0, y: 0}
  m_Pivot: {x: 0.5, y: 0.5}
--- !u!224 &224238516969681330
RectTransform:
  m_ObjectHideFlags: 1
  m_PrefabParentObject: {fileID: 0}
  m_PrefabInternal: {fileID: 100100000}
  m_GameObject: {fileID: 1008418300042728}
  m_LocalRotation: {x: 0, y: 0, z: 0, w: 1}
  m_LocalPosition: {x: 0, y: 0, z: 0}
  m_LocalScale: {x: 1, y: 1, z: 1}
  m_Children: []
  m_Father: {fileID: 224003437675773742}
  m_RootOrder: 0
  m_LocalEulerAnglesHint: {x: 0, y: 0, z: 0}
  m_AnchorMin: {x: 0, y: 0}
  m_AnchorMax: {x: 1, y: 1}
  m_AnchoredPosition: {x: 0, y: 0}
  m_SizeDelta: {x: 0, y: 0}
  m_Pivot: {x: 0.5, y: 0.5}
--- !u!225 &225709740962118334
CanvasGroup:
  m_ObjectHideFlags: 1
  m_PrefabParentObject: {fileID: 0}
  m_PrefabInternal: {fileID: 100100000}
  m_GameObject: {fileID: 1955298746936316}
  m_Enabled: 1
  m_Alpha: 1
  m_Interactable: 1
  m_BlocksRaycasts: 1
  m_IgnoreParentGroups: 0
